 Dungeon Crawl Stone Soup version 0.30-a0-845-g7c6808c8ce (webtiles) character file.

Game seed: 17528357074281888001

97 demibob the Chopper (level 4, 0/30 HPs)
             Began as a Demonspawn Wanderer on Mar 2, 2023.
             Killed from afar by an orc wizard (4 damage)
             ... with a magic dart
             ... on level 3 of the Dungeon.
             The game lasted 00:03:09 (2044 turns).

demibob the Chopper (Demonspawn Wanderer)           Turns: 2044, Time: 00:03:09

Health: 0/30       AC:  8    Str: 11 (12) XL:     4   Next: 42%
Magic:  7/7        EV:  8    Int: 22 (24) God:
Gold:   166        SH:  0    Dex: 15 (18) Spells: 7/7 levels left

rFire   . . .      SeeInvis .    a - +3 hand axe (heavy)
rCold   . . .      Faith    .    (no shield)
rNeg    . . .      Spirit   .    g - +0 scale mail
rPois   .          Reflect  .    (no helmet)
rElec   .          Rampage  .    e - +0 cloak
rCorr   .                        b - +0 pair of gloves
Will    .....                    (no boots) Stlth
                                 (no amulet)
HPRegen 0.25/turn                D - +6 ring of dexterity
MPRegen 0.10/turn                I - +6 ring of intelligence

@: mighty
A: claws 1, hooves 1, ignite blood 1, clever 1
a: no special abilities


You were on level 3 of the Dungeon.
You visited 1 branch of the dungeon, and saw 3 of its levels.

You collected 166 gold pieces.


Innate Abilities, Weirdness & Mutations

You have sharp fingernails.
You have large cloven feet.
Your demonic aura sometimes causes spilled blood to erupt in flames.
Your mind is acute. (Int +4, Str/Dex -1)


   Skills:
 - Level 4.9 Axes
 - Level 1.0 Dodging
 + Level 3.2 Unarmed Combat
 - Level 2.0 Spellcasting
 - Level 1.1 Necromancy
 - Level 1.2 Invocations


You had 7 spell levels left.
You didn't know any spells.
Your spell library contained the following spells:

 Spells                   Type           Power      Damage    Failure   Level
 Sublimation of Blood     Necr           7%         N/A       63%         2
 Cigotuvi's Dreadful Rot  Necr/Pois/Air  6%         N/A       75%         2
 Ensorcelled Hibernation  Hex/Ice        4%         N/A       78%         2
 Passwall                 Tmut/Erth      1%         N/A       78%         2
 Swiftness                Air            2%         N/A       95%         3
 Cause Fear               Hex            1%         N/A       100%        4
 Dragon Form              Tmut           1%         N/A       100%        7
 Dragon's Call            Summ           1%         N/A       100%        9

Inventory:

Hand Weapons
 a - a +3 heavy hand axe (weapon)
Armour
 b - a +0 pair of gloves (worn)
 e - a +0 cloak (worn)
 g - a +0 scale mail (worn)
Jewellery
 D - a +6 ring of dexterity (left hand)
 I - a +6 ring of intelligence (right hand)
Scrolls
 d - a scroll of blinking {unknown}
 j - a scroll of enchant weapon
 k - a scroll of fear
 l - a scroll of identify {unknown}
 m - a scroll of noise {unknown}
 n - a scroll of summoning {unknown}
Potions
 c - a potion of lignification

Dungeon Overview and Level Annotations

Branches:
Dungeon (3/15)

Altars:
Cheibriados
Yredelemnul

Shops:
D:1

:
#.....÷.##...#####..÷....
####.......### ####.##.
#......###########....
#.....))..............
#......##############.
#......# ## #......#
#.....{# ##....@.####
............#########
.....####.....)......#
..... #............# ....
####.........# ....
#.........# ###########
########


There were no monsters in sight!


Message History

You are more confused.
Something hits you but does no damage. Something completely misses you.
You're too confused to move!
Something hits you. Something burns you.
* * * LOW HITPOINT WARNING * * *
You closely miss something. Something hits you.
* * * LOW HITPOINT WARNING * * *
Something hits you but does no damage.
You barely miss something. Something hits you.
* * * LOW HITPOINT WARNING * * *
You completely miss something. Something hits you but does no damage.
Something burns you.
* * * LOW HITPOINT WARNING * * *
Something hits you but does no damage.
You're too confused to move!
Something hits you but does no damage. Something burns you.
* * * LOW HITPOINT WARNING * * *
You're too confused to move!
Something hits you but does no damage. Something burns you.
* * * LOW HITPOINT WARNING * * *
You feel less confused. Something hits you but does no damage.
You completely miss something. Something hits you.
* * * LOW HITPOINT WARNING * * *
You barely miss something.
You hear some strange, mumbled words.
A magic dart appears from out of thin air!
The magic dart hits you.
You die...

Skill      XL: |  1  2  3 |
---------------+----------+-----
Unarmed Combat | 1 3 |  3.2
Axes           | |  4.9
Dodging        | |  1.0
Spellcasting   | |  2.0
Necromancy     | |  1.1
Invocations    | |  1.2

Action                     |  1- 3 |  4- 6 || total
---------------------------+-------+-------++-------
  Melee: Hand axe          |    93 |    12 ||   105
         Punch             |     2 |       ||     2
    Use: Scroll            |     7 |       ||     7
         Potion            |     2 |     4 ||     6
 Armour: Robe              |     2 |       ||     2
         Scale mail        |    48 |    14 ||    62
  Dodge: Dodged            |    61 |     5 ||    66

Levels and vault maps discovered:
D:1:      dpeg_arrival_windows_large_door, layout_loops_cross,
          nicolae_shop_vocational
D:2:      layout_basic, basic_altar, chequers_big_river, minmay_tiny_reverse_x
D:3:      layout_basic, mainiacjoe_overflow_catwalk, minmay_misc_feat_x,
          nrook_mini_vaults, minmay_checkerbox

Notes
Turn   | Place    | Note
-------+----------+-------------------------------------------
     0 | D:1      | demibob the Demonspawn Wanderer began the quest for the
                  | Orb.
     0 | D:1      | demibob set off with the following items: a +2 hand axe, a
                  | +0 pair of gloves, a potion of lignification, a +0 robe;
                  | and the following spells available to memorise: Sublimation
                  | of Blood, Cigotuvi's Dreadful Rot.
     0 | D:1      | Reached XP level 1. HP: 13/13 MP: 3/3
    17 | D:1      | Found Mixtu's Vocational Training.
   362 | D:1      | You feel monstrous as your demonic heritage exerts itself.
   362 | D:1      | Discovered your monstrous ancestry.
   362 | D:1      | Gained mutation: You have sharp fingernails. [demonic
                  | ancestry]
   362 | D:1      | Reached XP level 2. HP: 19/19 MP: 5/5
   900 | D:2      | Reached skill level 1 in Unarmed Combat
  1125 | D:2      | Found a snail-covered altar of Cheibriados.
  1528 | D:3      | Gained mutation: Your demonic aura sometimes causes spilled
                  | blood to erupt in flames. [demonic ancestry]
  1528 | D:3      | Reached XP level 3. HP: 24/24 MP: 6/6
  1534 | D:3      | Reached skill level 2 in Unarmed Combat
  1631 | D:3      | Found a basalt altar of Yredelemnul.
  1990 | D:3      | Reached skill level 3 in Unarmed Combat
  1990 | D:3      | Gained mutation: You have large cloven feet. [demonic
                  | ancestry]
  1990 | D:3      | Reached XP level 4. HP: 26/30 MP: 7/7
  2022 | D:3      | Gained mutation: You have hidden genetic defects. [potion
                  | of mutation]
  2022 | D:3      | Gained mutation: You are occasionally teleported next to
                  | monsters. [potion of mutation]
  2023 | D:3      | Lost mutation: You are occasionally teleported next to
                  | monsters. [potion of mutation]
  2023 | D:3      | Lost mutation: You have hidden genetic defects. [potion of
                  | mutation]
  2023 | D:3      | Gained mutation: Your mind is acute. (Int +4, Str/Dex -1)
                  | [potion of mutation]
  2044 | D:3      | Killed from afar by an orc wizard

Vanquished Creatures
  An orc priest (D:3)
  An adder (D:3)
  A worm (D:2)
  2 dart slugs
  6 orcs (D:3)
  4 ball pythons
  6 bats
  2 endoplasms
  A giant cockroach (D:1)
  3 goblins
  4 hobgoblins
  4 jackals (D:3)
  2 kobolds
  A quokka (D:1)
  A frilled lizard (D:3)
  6 rats
45 creatures vanquished.

Vanquished Creatures (others)
  A plant (D:2)
1 creature vanquished.

Grand Total: 46 creatures vanquished

Table legend: (Time is in decaauts)
 A = Elapsed time spent in this place.
 B = Non-inter-level travel time spent in this place.
 C = Inter-level travel time spent in this place.
 D = Time resting spent in this place.
 E = Time spent auto-exploring this place.
 F = Levels seen in this place.
 G = Mean time per level.
                   A        B        C        D        E       F      G
               +--------+--------+--------+--------+--------+-----+--------+
         Total |   2083 |   2021 |     62 |    103 |   1571 |   3 |  694.3 |
       Dungeon |   2083 |   2021 |     62 |    103 |   1571 |   3 |  694.3 |
               +--------+--------+--------+--------+--------+-----+--------+

Top non-repeatable levels by time:
     D:2: 779 daAuts
     D:1: 736 daAuts
     D:3: 567 daAuts

Table legend:
 A = Non-vault XP
 B = Vault XP
 C = Vault XP percentage of total XP
 D = Non-vault monster count
 E = Vault monster count
 F = Vault count percentage of total count
                 A         B        C        D         E       F
            +---------+---------+-------+---------+---------+-------
      Total |     129 |      10 |   7.2 |      40 |       5 |  11.1
            +---------+---------+-------+---------+---------+-------
        D:1 |      16 |       0 |   0.0 |      10 |       0 |   0.0
        D:2 |      18 |       5 |  21.7 |       9 |       2 |  18.2
        D:3 |      95 |       5 |   5.0 |      21 |       3 |  12.5
            +---------+---------+-------+---------+---------+-------
